 Dungeon Crawl Stone Soup version 0.27-a0-577-ge2a43ba0c9 (webtiles) character file.

Game seed: 2259946006898455474

(classic levelgen) 7 Amnesiac the Digger (level 1, -1/10 HPs)
             Began as a Deep Elf Earth Elementalist on Mar 10, 2021.
             Slain by an adder (3 damage)
             ... on level 3 of the Dungeon.
             The game lasted 00:01:24 (332 turns).

Amnesiac the Digger (Deep Elf Earth Elementalist)    Turns: 332, Time: 00:01:25

Health: -1/10      AC:  2    Str:  5    XL:     1   Next: 91%
Magic:  2/6        EV: 12    Int: 19    God:
Gold:   22         SH:  0    Dex: 15    Spells: 5/6 levels left

rFire    . . .     SeeInvis .   a - +0 dagger
rCold    . . .     Faith    .   (no shield)
rNeg     . . .     Spirit   .   c - +0 robe
rPois    .         Reflect  .   (no helmet)
rElec    .         Harm     .   (no cloak)
rCorr    .         Rampage  .   (no gloves)
Will     .....                  (no boots)
Stlth    ++........             (no amulet)
HPRegen  0.03/turn              (no ring)
MPRegen  0.10/turn              (no ring)

@: lethally poisoned (-1 -> -8)
A: no striking features
a: no special abilities


You were on level 3 of the Dungeon.
You visited 1 branch of the dungeon, and saw 3 of its levels.

You collected 22 gold pieces.

Inventory:

Hand Weapons
 a - a +0 dagger (weapon)
Missiles
 b - 23 stones
 f - 17 poisoned darts
Armour
 c - a +0 robe (worn)
Scrolls
 d - a scroll of enchant armour {!r, unknown}
Potions
 e - a potion of flight {!q, unknown}


   Skills:
 - Level 2.4 Dodging
 - Level 2.4 Stealth
 + Level 3.3 Spellcasting
 - Level 1.1 Transmutations
 * Level 3.7 Earth Magic


You had 5 spell levels left.
You knew the following spells:

 Your Spells              Type           Power      Damage    Failure   Level
a - Sandblast             Erth           34%        2d9       3%          1

Your spell library contained the following spells:

 Spells                   Type           Power      Damage    Failure   Level
 Passwall                 Tmut/Erth      10%        N/A       9%          2
 Stone Arrow              Conj/Erth      20%        3d8       21%         3
 Petrify                  Tmut/Erth      12%        N/A       50%         4
 Lee's Rapid Deconstruct  Erth           8%         3d8*      65%         5


Dungeon Overview and Level Annotations

Branches:
Dungeon (3/15)

Altars:


Message History

The giant cockroach closely misses you. The giant cockroach bites you.
You see here 17 poisoned darts.
f - 17 poisoned darts The giant cockroach bites you but does no damage.
A kobold comes into view.
There is a stone staircase leading down here.
The kobold shouts!
You hear an angry hiss.
You hear a shout!
The giant cockroach closely misses you.
The giant cockroach bites you but does no damage.
You climb downwards.
There is a stone staircase leading up here.
You hit the giant cockroach but do no damage.
The giant cockroach misses you.
You closely miss the giant cockroach.
The giant cockroach completely misses you.
You closely miss the giant cockroach.
The giant cockroach bites you but does no damage.
You closely miss the giant cockroach. The giant cockroach closely misses you.
You hit the giant cockroach but do no damage.
The giant cockroach misses you. The giant cockroach barely misses you.
Aiming: Sandblast (safe; 3% risk of failure)
Press: ? - help, Q - select action, (/) - cycle Shift-Dir - straight line, f - giant cockroach
Aim: a giant cockroach (21% to evade)
The blast of sand hits the giant cockroach!
You kill the giant cockroach!
You enter the shallow water.
An adder comes into view.
The adder hisses angrily.
The adder moves out of view.
Found a club.
Found a stone staircase leading up.
An adder is nearby!
Casting: Sandblast (safe; 3% risk of failure)
Confirm with . or Enter, or press ? or * to list all spells.
Aiming: Sandblast (safe; 3% risk of failure)
Press: ? - help, Shift-Dir - straight line, f - adder
Aim: an adder (34% to evade)
The blast of sand misses the adder.
The adder bites you.
* * * LOW HITPOINT WARNING * * *
Casting: Sandblast (safe; 3% risk of failure)
Confirm with . or Enter, or press ? or * to list all spells.
Aiming: Sandblast (safe; 3% risk of failure)
Press: ? - help, Shift-Dir - straight line, f/p - adder
Aim: an adder (34% to evade)
The blast of sand misses the adder.
The adder misses you.
Casting: Sandblast (safe; 3% risk of failure)
Confirm with . or Enter, or press ? or * to list all spells.
Aiming: Sandblast (safe; 3% risk of failure)
Press: ? - help, Shift-Dir - straight line, f/p - adder
Aim: an adder (34% to evade)
The blast of sand misses the adder.
The adder bites you.
* * * LOW HITPOINT WARNING * * *
You are lethally poisoned!
The adder poisons you! The adder misses you.
Casting: Sandblast (safe; 3% risk of failure)
Confirm with . or Enter, or press ? or * to list all spells.
Aiming: Sandblast (safe; 3% risk of failure)
Press: ? - help, Shift-Dir - straight line, f/p - adder
Aim: an adder (34% to evade)
The blast of sand hits the adder.
The adder is moderately wounded.
* * * LOW HITPOINT WARNING * * *
You feel sick. The adder bites you.
You die...

#(..... #......#
###.... #<.....
#.... #≈#... #....
#≈≈)... #....
#≈.....# #....
#..##≈≈≈### #....
###S#.# #≈≈≈####....
+..@.######≈≈#......
###.##≈≈.#..≈≈.#.)..
####.≈≈.#≈≈≈.#######
#...≈≈...≈.###
#...<....≈.##
#...........#
#...........#
#######.....#
#.....#


You could see an adder.

Vanquished Creatures
  A giant cockroach (D:3)
  A goblin (D:2)
  A hobgoblin (D:1)
  2 kobolds
  A bat (D:3)
  A rat (D:1)
7 creatures vanquished.

Notes
Turn   | Place    | Note
-------+----------+-------------------------------------------
     0 | D:1      | Amnesiac the Deep Elf Earth Elementalist began the quest
                  | for the Orb.
     0 | D:1      | Reached XP level 1. HP: 10/10 MP: 6/6
   332 | D:3      | Slain by an adder

Illustrated notes

Levels and vault maps discovered:
D:1:      dpeg_arrival_three_bigger_balls, layout_loops_corners, serial_glass,
          glass_columns_a, glass_columns_a, feat_on_display
D:2:      layout_basic
D:3:      layout_basic, kennysheep_slug_shrine, minmay_overflow_temple_hex,
          chequers_serial_rivers_small_b, minmay_door_square, uniq_grinder

Action                   || total
-------------------------++-------
Melee: Dagger            ||    15
 Cast: Sandblast         ||     7
 Stab: Sleeping          ||     3
Armor: Robe              ||     5
Dodge: Dodged            ||    12

Table legend: (Time is in decaauts)
 A = Elapsed time spent in this place.
 B = Non-inter-level travel time spent in this place.
 C = Inter-level travel time spent in this place.
 D = Time resting spent in this place.
 E = Time spent auto-exploring this place.
 F = Levels seen in this place.
 G = Mean time per level.
                   A        B        C        D        E       F      G
               +--------+--------+--------+--------+--------+-----+--------+
         Total |    333 |    333 |      0 |     88 |    131 |   3 |  111.0 |
       Dungeon |    333 |    333 |      0 |     88 |    131 |   3 |  111.0 |
               +--------+--------+--------+--------+--------+-----+--------+

Top non-repeatable levels by time:
     D:1: 143 daAuts
     D:2: 116 daAuts
     D:3: 74 daAuts
